 Dungeon Crawl Stone Soup version 0.23.0-28-g6fe0f4d (webtiles) character file.

Game seed: 11807408014787081222

788 Borgoz the Ruffian (level 7, -3/59 HPs)
             Began as a Ghoul Warper on Feb 25, 2019.
             Slain by Pikel
             ... wielding a +0 whip of electrocution
              (17 damage)
             ... on level 4 of the Dungeon.
             The game lasted 00:15:35 (4199 turns).

Borgoz the Ruffian (Ghoul Warper)                   Turns: 4199, Time: 00:15:36

Health: -3/59      AC: 10    Str: 15    XL:     7   Next: 87%
Magic:  10/10      EV: 12    Int:  8    God:
Gold:   119        SH:  0    Dex: 13    Spells: 12/12 levels left

rFire    + . .     SeeInvis .     - Unarmed
rCold    + . .     Gourm    .   (no shield)
rNeg     + + +     Faith    .   b - +2 ring mail {rF+}
rPois    ∞         Spirit   .   (no helmet)
rElec    .         Reflect  .   (no cloak)
rCorr    .         Harm     .   (no gloves)
MR       .....                  e - +2 pair of boots
Stlth    +.........             (no amulet)
HPRegen  0.00/turn              m - +3 ring of dexterity
MPRegen  0.12/turn              (no ring)

@: rotting, drained
A: rotting body, claws 1, carnivore, cold resistance 1, negative energy
resistance 3, inhibited regeneration, torment resistance, unbreathing
a: no special abilities


You were on level 4 of the Dungeon.
You were not hungry.

You visited 1 branch of the dungeon, and saw 4 of its levels.

You collected 307 gold pieces.
You spent 188 gold pieces at shops.

Inventory:

Missiles
 d - 4 tomahawks of dispersal (quivered)
Armour
 b - a +2 ring mail of fire resistance (worn)
 e - a +2 pair of boots (worn)
Jewellery
 m - a +3 ring of dexterity (left claw)
Scrolls
 c - 2 scrolls of blinking
 g - a scroll of identify
 j - 2 scrolls of fear
 k - a scroll of enchant weapon
 n - 3 scrolls of fog
 p - a scroll of magic mapping
Potions
 a - 2 potions of cancellation
 h - 2 potions of curing
Comestibles
 f - 8 rations


   Skills:
 + Level 4.0(3.1) Fighting
 - Level 0.8(0.0) Throwing
 + Level 2.9(1.9) Armour
 * Level 4.5(3.5) Dodging
 * Level 5.2(4.1) Unarmed Combat
 + Level 3.1(2.2) Spellcasting
   Level 2.6(1.7) Translocations


You had 12 spell levels left.
You didn't know any spells.
Your spell library contained the following spells:

 Spells                   Type           Power        Failure   Level  Hunger
 Blink                    Tloc           N/A          45%         2    ###....
 Confusing Touch          Hex            #.....       56%         1    ##.....
 Shroud of Golubria       Chrm/Tloc      #.........   56%         2    ###....
 Gell's Gravitas          Tloc           #.........   69%         3    ####...
 Lesser Beckoning         Tloc           #.........   69%         3    ####...
 Teleport Other           Tloc           #.......     69%         3    ####...
 Confuse                  Hex            #.......     90%         3    ####...
 Passage of Golubria      Tloc           N/A          97%         4    #####..
 Petrify                  Tmut/Erth      #.......     100%        4    #####..
 Metabolic Englaciation   Hex/Ice        #.........   100%        5    ######.
 Yara's Violent Unravell  Hex/Tmut       #.........   100%        5    ######.


Dungeon Overview and Level Annotations

Branches:
Dungeon (4/15)
 Temple: D:4-7

Altars:
Cheibriados
Qazlal
Uskayaw
Xom

Shops:
D:4 =

Annotations:
D:4 1 runed translucent door, Crazy Yiuf, Pikel


Innate Abilities, Weirdness & Mutations

Your body is rotting away.
You thrive on raw meat.
You are immune to poison.
You have sharp fingernails.
You are carnivorous and can eat meat at any time.
Your flesh is cold resistant. (rC+)
You are immune to negative energy. (rN+++)
You do not regenerate when monsters are visible.
You are immune to unholy pain and torment.
You can survive without breathing.


Message History

You closely miss Pikel.
Pikel is severely wounded.
Pikel hits you but does no damage.
Eat a chunk of flesh? (ye/n/q)
You eat the chunk of flesh.
This raw flesh tastes great!
Pikel hits you with a +0 whip of electrocution.
You are electrocuted!
Okay, then.
Okay, then.
You aren't carrying any items that you can evoke.
Okay, then.
Throwing (i - inventory)
d - 5 tomahawks of dispersal (quivered)
Press: ? - help, Shift-Dir - straight line, f/p - Pikel
Aim: Pikel, wielding a +0 whip of electrocution and wearing a cursed +0 robe (severely wounded)
You throw a tomahawk of dispersal.
The tomahawk of dispersal barely misses Pikel.
Pikel hits you with a +0 whip of electrocution.
* * * LOW HITPOINT WARNING * * *
You are electrocuted!
You die...

# .# ## #.........# # #.# ..#
######. #.........# #.... #.#
#.(.... #.........# #.#.# #.#
#.....# #.......... ..#.# #.#
#.....###...........# ###.# #.#
#.....#........(.<..# .##.# #.#
#.......##....... ....###.#
#.....K.# ####.#... ##..##..#
#...[@#####.......# ###.##.##
#.....# #..∩# .# .##....###
#.....###.### ..# .#..#....#
#......[..# ..####
[..#..##.###.###..#######......
#...............(..().))...#
.....####....###.######....#
#....# #...##...# #÷#.## #....#
#.#....########.#.#


You could see Pikel.

Vanquished Creatures
  Grinder (D:3)
  Purgy (D:3)
  4 slaves (D:4)
  A centaur (D:3)
  A gnoll sergeant (D:3)
  A hound (D:3)
  A gnoll shaman (D:3)
  An orc priest (D:4)
  A centaur skeleton (D:4)
  A hound skeleton (D:4)
  10 gnolls
  3 adders (D:2)
  3 oozes
  3 worms
  3 dart slugs
  A leopard gecko (D:3)
  7 orcs
  2 giant cockroaches (D:2)
  10 goblins
  5 hobgoblins (D:1)
  2 quokkas (D:3)
  5 bats
  5 frilled lizards
  A kobold (D:2)
  12 rats
85 creatures vanquished.

Notes
Turn   | Place    | Note
-------+----------+-------------------------------------------
     0 | D:1      | Borgoz the Ghoul Warper began the quest for the Orb.
     0 | D:1      | Reached XP level 1. HP: 17/17 MP: 2/2
    83 | D:1      | Reached skill level 1 in Armour
   133 | D:1      | Reached XP level 2. HP: 22/24 MP: 3/3
   596 | D:2      | Reached XP level 3. HP: 18/30 MP: 3/5
   825 | D:2      | Reached XP level 4. HP: 28/37 MP: 6/6
   835 | D:2      | Reached skill level 3 in Unarmed Combat
  1347 | D:3      | Noticed a gnoll sergeant
  1591 | D:3      | Killed a gnoll sergeant
  1591 | D:3      | Reached XP level 5. HP: 22/45 MP: 7/7
  1624 | D:2      | HP: 2/45 [gnoll/+0 spear (3)]
  2038 | D:3      | Found a radiant altar of Vehumet.
  2040 | D:3      | Found an ancient bone altar of Kikubaaqudgha.
  2040 | D:3      | Found a snail-covered altar of Cheibriados.
  2042 | D:3      | Found a stormy altar of Qazlal.
  2042 | D:3      | Found a shimmering altar of Xom.
  2042 | D:3      | Found a hide-covered altar of Uskayaw.
  2265 | D:3      | Noticed Purgy
  2335 | D:3      | Killed Purgy
  2335 | D:3      | Reached skill level 4 in Unarmed Combat
  2335 | D:3      | Reached XP level 6. HP: 30/51 MP: 8/8
  2513 | D:3      | Noticed Grinder
  2569 | D:3      | Killed Grinder
  2569 | D:3      | Reached XP level 7. HP: 48/58 MP: 10/10
  3412 | D:4      | Noticed Pikel
  3844 | D:4      | Reached skill level 5 in Unarmed Combat
  3940 | D:4      | Found Xeydoal's Jewellery Emporium.
  4097 | D:4      | Found a runed translucent door.
  4098 | D:4      | Noticed Crazy Yiuf
  4140 | D:4      | Bought a +3 ring of dexterity for 188 gold pieces
  4199 | D:4      | Slain by Pikel

Skill      XL: |  1  2  3  4  5  6  7 |
---------------+----------------------+-----
Armour         | 1 2 |  2.9
Dodging        | 2 3 4 |  4.5
Spellcasting   | 2 3 |  3.1
Unarmed Combat | 3 4 5 |  5.2
Fighting       | 3 4 |  4.0
Throwing       | |  0.8
Translocations | |  2.6

Action                   |  1- 3 |  4- 6 |  7- 9 || total
-------------------------+-------+-------+-------++-------
Melee: Unarmed           |   123 |   169 |   235 ||   527
       Punch             |     2 |     2 |     4 ||     8
Throw: Tomahawk          |       |       |     5 ||     5
Evoke: Wand              |       |       |     5 ||     5
  Use: Scroll            |     3 |     6 |     1 ||    10
       Potion            |       |     4 |       ||     4
 Stab: Paralysed         |       |       |    12 ||    12
  Eat: Chunk             |     4 |    18 |    21 ||    43
Armor: Ring mail         |    57 |   129 |    88 ||   274
Dodge: Dodged            |    39 |   152 |   125 ||   316
Block: Shield            |    30 |     2 |       ||    32
